AoeStats
← zack

Black Forest

512366591Analyzed
3v3 RM · 1mo ago on Oct 9, 2026· 29m 33s· 6 players
Game mode
Random Map
Map size
Normal (6 player)
Population
200
Speed
Normal
Resources
Standard
Victory
Conquest
Starting age
Dark Age
Ending age
Imperial Age
RankedLock teamsTeams togetherTeam positionsShared explorationLock speedFull tech treeHidden civsTurbo modeCheats
Victory
Defeat
🇺🇸 Danes · United States
1027
+21
🇨🇳 Franks · China
1013
+21
🇩🇪 Britons · Germany
989
+21
vs
🇨🇳 Gurjaras · China
1152
-22
🇨🇳 Khmer · China
1133
-21
🇮🇳 Bohemians · India
1104
-20
fe^voR
0:36 Loom
12:11 Feudal Age
12:39 Double-Bit Axe
12:40 Horse Collar
20:28 Castle Age
20:10 Town Watch
21:00 Wheelbarrow
21:23 Bow Saw
21:17 Heavy Plow
24:13 Hand Cart
26:03 Chemistry
25:13 Padded Archer Armor
24:47 Pikeman
26:55 Fletching
28:00 Bodkin Arrow
zack
12:38 Feudal Age
16:55 Castle Age
16:18 Double-Bit Axe
16:15 Horse Collar
18:36 Bow Saw
18:56 Heavy Plow
23:58 Wheelbarrow
Longlonglong
13:39 Feudal Age
16:58 Castle Age
16:26 Double-Bit Axe
16:23 Horse Collar
28:52 Bow Saw
28:47 Heavy Plow
29:01 Scale Barding Armor
29:06 Forging
29:24 Gold Mining
M
0:29 Loom
10:57 Feudal Age
11:45 Horse Collar
11:51 Double-Bit Axe
17:22 Castle Age
15:46 Gold Mining
17:34 Stone Mining
17:36 Fletching
17:48 Padded Archer Armor
18:27 Bow Saw
18:36 Heavy Plow
19:48 Wheelbarrow
24:01 Hand Cart
24:38 Caravan
25:44 Ballistics
26:29 Gold Shaft Mining
25:36 Crossbowman
27:44 Bodkin Arrow
28:11 Leather Archer Armor
Toast
9:00 Loom
13:09 Feudal Age
13:46 Double-Bit Axe
19:21 Castle Age
18:37 Scale Mail Armor
18:28 Arson
20:34 Forging
20:27 Squires
20:15 Gambesons
27:34 Chain Mail Armor
1627714649
2:51 Loom
12:39 Feudal Age
16:31 Castle Age
14:28 Double-Bit Axe
15:30 Gold Mining
18:29 Gold Shaft Mining
18:25 Bow Saw
19:56 Scale Mail Armor
20:46 Scale Barding Armor
21:00 Chain Mail Armor
23:51 Forging
26:36 Iron Casting
Connection lost

Rejoining the realm…

Still unreachable

The connection could not be restored.

Session expired

The server has moved on; the page needs a fresh start.